 Dungeon Crawl Stone Soup version 0.30-a0-939-gc8157cb160 (webtiles) character file.

Game seed: 1635081823291496924

504 shadizar the Trooper (level 7, -2/48 HPs)
             Began as a Gargoyle Fighter on Mar 25, 2023.
             Slain by a wight
             ... wielding a +3 halberd
              (11 damage)
             ... on level 4 of the Dungeon.
             The game lasted 00:03:53 (2248 turns).

shadizar the Trooper (Gargoyle Fighter)             Turns: 2248, Time: 00:03:54

Health: -2/48      AC: 13    Str: 25    XL:     7   Next: 17%
Magic:  7/7        EV:  9    Int: 10    God:
Gold:   230        SH:  4    Dex: 12    Spells: 6/6 levels left

rFire   . . .      SeeInvis .    r - +8 hammer of Gidutrod {venom, *Rage Str+3 Int+2 Dex+3}
rCold   . . .      Faith    .    c - +0 buckler
rNeg    + . .      Spirit   .    b - +0 scale mail
rPois   ∞          Reflect  .    n - +0 helmet
rElec   +          Rampage  .    q - +0 cloak
rCorr   .          Rage     20%  (no gloves)
Will    .....                    (no boots) Stlth
                                 (no amulet)
HPRegen 0.28/turn                (no ring)
MPRegen 0.10/turn                (no ring)

@: on berserk cooldown, slowed, very slow
A: sickness immunity, AC +4, negative energy resistance 1, electricity
resistance, torment resistance 1, petrification resistance
a: no special abilities


You were on level 4 of the Dungeon.
You visited 1 branch of the dungeon, and saw 5 of its levels.

You collected 230 gold pieces.

Inventory:

Hand Weapons
 a - a +0 war axe
 r - the +8 hammer of Gidutrod (weapon) {venom, *Rage Str+3 Int+2 Dex+3}
   (You found it on level 2 of the Dungeon)

   Str:       It affects your strength (+3).
   Int:       It affects your intelligence (+2).
   Dex:       It affects your dexterity (+3).
   *Rage:     It berserks you when you make melee attacks (+20% chance).
 t - a +0 shortbow
 x - a +0 battleaxe
Armour
 b - a +0 scale mail (worn)
 c - a +0 buckler (worn)
 n - a +0 helmet (worn)
 q - a +0 cloak (worn)
Magical Staves
 l - a staff of death
Jewellery
 e - a ring of protection from fire
 j - an amulet of magic regeneration
 k - a ring of protection from cold
Wands
 w - a wand of digging (7)
Scrolls
 f - a scroll of poison {unknown}
 h - a scroll of enchant armour {unknown}
 m - a scroll of fear {unknown}
 o - a scroll of magic mapping {unknown}
 p - a scroll of brand weapon {unknown}
Potions
 d - 2 potions of might
 g - a potion of heal wounds {unknown}
 i - a potion of cancellation {unknown}
 s - 2 potions of curing {unknown}
 u - a potion of berserk rage {unknown}
 v - a potion of degeneration {unknown}
 z - a potion of magic {unknown}


   Skills:
 * Level 7.4 Fighting
 - Level 3.1(3.5) Axes
 + Level 2.6(3.5) Maces & Flails
 - Level 3.2 Armour
 - Level 3.2 Shields


You had 6 spell levels left.
You didn't know any spells.
Your spell library contained the following spells:

 Spells                   Type           Power      Damage    Failure   Level
 Dazzling Flash           Conj/Hex       0%         N/A       98%         3
 Agony                    Necr           0%         N/A       100%        5
 Silence                  Hex/Air        0%         N/A       100%        5


Dungeon Overview and Level Annotations

Branches:
Dungeon (5/15)
 Temple: D:4-7

Altars:
Vehumet

Shops:
D:1 =


Innate Abilities, Weirdness & Mutations

You are immune to sickness and miasma.
Your stone body is resilient. (AC +4)
You are immune to poison.
You resist negative energy. (rN+)
You are resistant to electric shocks. (rElec)
You are resistant to unholy torment.
You are immune to petrification.


Message History

The wight is heavily damaged.
You hit the wight.
The wight is severely damaged.
You are no longer berserk.
You are exhausted.
You feel yourself slow down. The wight hits you with a +0 falchion.
You hit the wight.
The wight is almost destroyed.
The wight hits you but does no damage. You block the wight's attack.
You hit the wight but do no damage.
The wight is almost destroyed.
The wight hits you but does no damage. The wight barely misses you.
You thump the wight!
You destroy the wight!
No target in view!
s - 2 red potions (gained 1)
Items here: ))))) [[[[.
Okay, then.
A wight comes into view. It is wielding a +3 halberd.
You hit the wight.
The wight is moderately damaged.
The wight hits you with a +3 halberd! The wight misses you.
You hit the wight but do no damage.
The wight is moderately damaged.
The wight hits you but does no damage.
You thump the wight!
The wight is almost destroyed.
The wight hits you with a +3 halberd. x2
You closely miss the wight.
The wight is almost destroyed.
The wight hits you with a +3 halberd! The wight closely misses you.
You are too injured to fight recklessly!
You hit the wight.
The wight is almost destroyed.
The wight hits you with a +3 halberd. The wight hits you with a +3 halberd!
* * * LOW HITPOINT WARNING * * *
You closely miss the wight.
The wight is almost destroyed.
The wight completely misses you. The wight hits you with a +3 halberd!
You die...

♣♣♣♣.♣♣♣♣.♣♣
♣....♣♣
♣...♣♣..♣
♣♣♣♣.†♣♣
♣♣♣.†..♣♣
♣♣..♣ ♣♣.♣♣♣
♣♣♣..♣♣ ♣♣.♣
♣♣♣♣....♣ ♣♣
♣♣♣.....♣♣♣
♣♣....♣♣♣♣
♣♣♣♣...♣♣♣
♣.@..♣♣♣
♣....z♣♣♣♣
♣♣♣♣.. ♣..
... ♣..♣ ..♣
♣♣♣


You could see a wight.

Vanquished Creatures
  4 wights (D:4)
  A howler monkey (D:5)
  A hound (D:4)
  Crazy Yiuf (D:2)
  2 iguanas (D:4)
  Robin (D:2)
  5 adders (D:2)
  A dart slug (D:1)
  3 orcs (D:2)
  6 ball pythons
  6 endoplasms
  4 giant cockroaches
  18 goblins
  10 hobgoblins
  6 jackals (D:2)
  5 kobolds
  2 quokkas (D:2)
  8 bats
  2 frilled lizards
  5 rats
  A spectral hobgoblin (D:1)
92 creatures vanquished.

Notes
Turn   | Place    | Note
-------+----------+-------------------------------------------
     0 | D:1      | shadizar the Gargoyle Fighter began the quest for the Orb.
     0 | D:1      | Reached XP level 1. HP: 14/14 MP: 1/1
   130 | D:1      | Reached XP level 2. HP: 20/20 MP: 2/2
   293 | D:1      | Found Mopomelo's Jewellery Emporium.
   439 | D:1      | Reached skill level 4 in Fighting
   466 | D:1      | Reached XP level 3. HP: 21/24 MP: 3/3
   533 | D:1      | Found a faded altar of an unknown god.
   894 | D:2      | Reached XP level 4. HP: 29/30 MP: 4/4
  1014 | D:2      | Reached skill level 5 in Fighting
  1091 | D:2      | Noticed Robin
  1104 | D:2      | Killed Robin
  1105 | D:2      | Reached XP level 5. HP: 7/35 MP: 5/5
  1563 | D:2      | Found a runed translucent door.
  1564 | D:2      | Noticed Crazy Yiuf
  1570 | D:2      | Killed Crazy Yiuf
  1576 | D:2      | Identified the +8 hammer of Gidutrod {venom, *Rage Str+3
                  | Int+2 Dex+3}
  1912 | D:3      | Found a radiant altar of Vehumet.
  1924 | D:3      | You fall into a shaft and drop 2 floors!
  1924 | D:5      | Entered Level 5 of the Dungeon
  1948 | D:5      | Reached skill level 6 in Fighting
  1999 | D:4      | Reached skill level 1 in Maces & Flails
  1999 | D:4      | Reached XP level 6. HP: 32/41 MP: 6/6
  2228 | D:4      | Reached skill level 7 in Fighting
  2233 | D:4      | Reached XP level 7. HP: 48/48 MP: 7/7
  2248 | D:4      | Slain by a wight

Illustrated notes

Levels and vault maps discovered:
D:1:      minmay_arrival_split_and_join, layout_basic, serial_shops,
          nicolae_diamond_shop, dreamdust_ecumenical_altar_drowned_temple
D:2:      layout_basic, minmay_increasing_density, uniq_robin,
          uniq_crazy_yiuf_cottage
D:3:      layout_basic, old_standard_altar,
          mainiacjoe_overflow_concentric_impassable, due_unseen_surprise
D:4:      kb_forest_paths, layout_basic
D:5:      layout_loops_ring

Skill      XL: |  1  2  3  4  5  6 |
---------------+-------------------+-----
Axes           | 2 3 |  3.1
Fighting       | 4 5 6 7 |  7.4
Maces & Flails | 1 2 |  2.6
Armour         | |  3.2
Shields        | |  3.2

Action                     |  1- 3 |  4- 6 |  7- 9 || total
---------------------------+-------+-------+-------++-------
  Melee: War axe           |   110 |    91 |       ||   201
         Mace              |       |    42 |    12 ||    54
    Use: Potion            |       |     1 |       ||     1
 Armour: Scale mail        |    78 |    84 |     3 ||   165
  Dodge: Dodged            |    49 |    87 |     4 ||   140
  Block: Buckler           |    24 |    33 |     1 ||    58

Table legend: (Time is in decaauts)
 A = Elapsed time spent in this place.
 B = Non-inter-level travel time spent in this place.
 C = Inter-level travel time spent in this place.
 D = Time resting spent in this place.
 E = Time spent auto-exploring this place.
 F = Levels seen in this place.
 G = Mean time per level.
                   A        B        C        D        E       F      G
               +--------+--------+--------+--------+--------+-----+--------+
         Total |   2382 |   2348 |     34 |      0 |   1681 |   5 |  476.4 |
       Dungeon |   2382 |   2348 |     34 |      0 |   1681 |   5 |  476.4 |
               +--------+--------+--------+--------+--------+-----+--------+

Top non-repeatable levels by time:
     D:2: 1009 daAuts
     D:1: 740 daAuts
     D:4: 303 daAuts
     D:3: 270 daAuts
     D:5: 59 daAuts
